 Dungeon Crawl Stone Soup version 0.29-a0-555-g3b24f45cc1 (webtiles) character file.

Game seed: 8418006337945934518

324 Newt the Ruffian (level 6, -2/57 HPs)
             Began as a Troll Gladiator on June 7, 2022.
             Slain by a scorpion (6 damage)
             ... on level 5 of the Dungeon.
             The game lasted 00:14:50 (1067 turns).

Newt the Ruffian (Troll Gladiator)                  Turns: 1067, Time: 00:14:51

Health: -2/57      AC:  4    Str: 25    XL:     6   Next: 23%
Magic:  0/5        EV: 10    Int:  6    God:
Gold:   71         SH:  0    Dex: 11    Spells: 5/5 levels left

rFire   . . .      SeeInvis .     - Unarmed
rCold   . . .      Faith    .   (no shield)
rNeg    . . .      Spirit   +   a - +0 robe
rPois   .          Reflect  .   b - +0 hat
rElec   .          Harm     .   (no cloak)
rCorr   .          Rampage  .   (gloves unavailable)
Will    .....                   (boots unavailable)
Stlth   +.........              t - amulet "Bedoe" {Spirit Int+2 Slay+6}
HPRegen 0.99/turn               (no ring)
MPRegen 0.09/turn               (no ring)

@: lethally poisoned (-2 -> -6)
A: large, unfitting armour, claws 3, regeneration 1, shaggy fur 1, tough skin 1
a: no special abilities


You were on level 5 of the Dungeon.
You visited 1 branch of the dungeon, and saw 5 of its levels.

You collected 71 gold pieces.

Inventory:

Hand Weapons
 k - a +2 hunting sling of freezing
Missiles
 c - 3 throwing nets (quivered)
 d - a large rock
Armour
 a - a +0 robe (worn)
 b - a +0 hat (worn)
 e - a +0 scale mail
 h - a +0 robe
Jewellery
 t - the amulet "Bedoe" (around neck) {Spirit Int+2 Slay+6}
   (You found it on level 4 of the Dungeon)

   [amulet of guardian spirit]

   It causes incoming damage to be divided between your reserves of health and
   magic.
   Int:       It affects your intelligence (+2).
   Slay:      It affects your accuracy & damage with ranged weapons and melee
   (+6).
Wands
 m - a wand of iceblast (8)
Scrolls
 f - 5 scrolls of identify {unknown}
 i - a scroll of vulnerability {unknown}
 p - a scroll of magic mapping {unknown}
 r - a scroll of immolation {unknown}
Potions
 g - 2 potions of mutation {unknown}
 j - 3 potions of curing {unknown}
 l - 2 potions of heal wounds {unknown}
 n - a potion of degeneration {unknown}
 o - a potion of lignification {unknown}
 q - a potion of might {unknown}
 s - a potion of magic {unknown}


   Skills:
 * Level 2.2 Fighting
 * Level 2.6 Throwing
 + Level 3.4 Dodging
 - Level 0.1 Stealth
 * Level 5.5 Unarmed Combat


You had 5 spell levels left.
You didn't know any spells.
Your spell library contained the following spells:

 Spells                   Type           Power      Damage    Failure   Level
 Freezing Cloud           Conj/Ice/Air   0%         6-21      100%        5
 Simulacrum               Ice/Necr       0%         N/A       100%        6
 Polar Vortex             Ice            0%         N/A       100%        9


Dungeon Overview and Level Annotations

Branches:
Dungeon (5/15)
 Temple: D:4-7

Altars:
Xom


Innate Abilities, Weirdness & Mutations

You are too large for most types of armour.
You have claws for hands.
Your natural rate of healing is unusually fast.
You are covered in fur. (AC +1)
You have tough skin. (AC +1)


Message History

You claw the hound!
The hound is almost dead.
The hound bites you.
A centaur comes into view.
You scratch the hound.
You kill the hound!
A scorpion comes into view.
The centaur wields a +0 shortbow.
The centaur shoots an arrow.
The arrow hits you!
The centaur shoots an arrow.
The arrow hits you but does no damage.
The centaur shoots an arrow.
The arrow hits you.
The centaur shoots an arrow.
The arrow hits you!
The centaur shoots an arrow.
The arrow hits you.
Found 19 gold pieces.
The centaur unwields a +0 shortbow.
The centaur hits you.
The centaur kicks you but does no damage.
The centaur hits you.
The centaur kicks you but does no damage.
You mangle the centaur!!
The centaur is almost dead.
The centaur hits you. The centaur barely misses you.
You mangle the centaur!!
You kill the centaur!
You have reached level 6!
You feel stronger.
You closely miss the scorpion. The scorpion stings you.
You are poisoned.
The scorpion poisons you!
You barely miss the scorpion.
You feel sick. The scorpion stings you.
* * * LOW HITPOINT WARNING * * *
You barely miss the scorpion.
You feel sick. The scorpion stings you.
* * * LOW HITPOINT WARNING * * *
You are lethally poisoned!
The scorpion poisons you!
* * * LOW HITPOINT WARNING * * *
You feel very sick.
You see here a +0 robe.
* * * LOW HITPOINT WARNING * * *
You feel very sick. The scorpion stings you!
You die...

#.... .... .. ###...#
..##.#..## .P....
#>...#...###
###....####...........
........#.............
...$....#.............
#......@s...[.........
#.......[.............
#.###.................
#.....)....<.......
#...♣♣.............?
...♣♣ ♣♣...........#.
.... ♣.......$...# ..#
♣.............
♣.............


You could see a scorpion.

Vanquished Creatures
  A centaur (D:5)
  2 hounds
  3 orc priests
  3 gnolls (D:4)
  3 adders
  A worm (D:2)
  A dart slug (D:2)
  5 orcs (D:3)
  A giant cockroach (D:2)
  3 hobgoblins
  4 jackals (D:3)
  3 quokkas
  5 ball pythons
  5 bats
  2 frilled lizards (D:3)
  3 kobolds
  3 rats
48 creatures vanquished.

Vanquished Creatures (others)
  4 plants (D:1)
4 creatures vanquished.

Grand Total: 52 creatures vanquished

Notes
Turn   | Place    | Note
-------+----------+-------------------------------------------
     0 | D:1      | Newt the Troll Gladiator began the quest for the Orb.
     0 | D:1      | Reached XP level 1. HP: 19/19 MP: 0/0
    55 | D:2      | Reached XP level 2. HP: 27/27 MP: 1/1
   205 | D:2      | Identified the +4 trident of Extremism {vorpal, SInv}
   408 | D:3      | Reached skill level 4 in Unarmed Combat
   408 | D:3      | Reached XP level 3. HP: 35/35 MP: 2/2
   410 | D:3      | Found a shimmering altar of Xom.
   574 | D:2      | Reached XP level 4. HP: 39/42 MP: 3/3
   715 | D:3      | Reached XP level 5. HP: 31/49 MP: 4/4
   862 | D:4      | Reached skill level 5 in Unarmed Combat
   930 | D:4      | Identified the amulet "Bedoe" {Spirit Int+2 Slay+6}
  1052 | D:5      | Entered Level 5 of the Dungeon
  1054 | D:5      | Noticed a centaur
  1062 | D:5      | Killed a centaur
  1063 | D:5      | Reached XP level 6. HP: 20/57 MP: 0/5
  1067 | D:5      | Slain by a scorpion

Illustrated notes

Levels and vault maps discovered:
D:1:      roderic_crop_circles_arrival_small, layout_loops_corners,
          dreamdust_ecumenical_altar_drowned_temple
D:2:      layout_rooms, minmay_pentomino_p4
D:3:      layout_loops_ring, mainiacjoe_overflow_paths
D:4:      layout_loops_ring, serial_bayou_ford_a, hangedman_feature_mirror,
          nrook_mini_backslash, kennysheep_generic_room_15
D:5:      layout_cave_pools, kb_lookout_dungeons_type, nrook_campfire,
          minmay_statues_item, grunt_decor_one_mirror

Skill      XL: |  1  2  3  4  5 |
---------------+----------------+-----
Throwing       | 2 |  2.6
Dodging        | 3 |  3.4
Unarmed Combat | 4 5 |  5.5
Fighting       | 2 |  2.2
Stealth        | |  0.1

Action                   |  1- 3 |  4- 6 || total
-------------------------+-------+-------++-------
Melee: Unarmed           |    62 |    82 ||   144
       Punch             |       |     2 ||     2
Throw: Throwing net      |     1 |       ||     1
 Stab: Sleeping          |       |     1 ||     1
Armor: Robe              |    33 |    23 ||    56
Dodge: Dodged            |    38 |    48 ||    86

Table legend: (Time is in decaauts)
 A = Elapsed time spent in this place.
 B = Non-inter-level travel time spent in this place.
 C = Inter-level travel time spent in this place.
 D = Time resting spent in this place.
 E = Time spent auto-exploring this place.
 F = Levels seen in this place.
 G = Mean time per level.
                   A        B        C        D        E       F      G
               +--------+--------+--------+--------+--------+-----+--------+
         Total |   1058 |    984 |     74 |     13 |      0 |   5 |  211.6 |
       Dungeon |   1058 |    984 |     74 |     13 |      0 |   5 |  211.6 |
               +--------+--------+--------+--------+--------+-----+--------+

Top non-repeatable levels by time:
     D:2: 457 daAuts
     D:3: 323 daAuts
     D:4: 224 daAuts
     D:1: 38 daAuts
     D:5: 14 daAuts
